 Dungeon Crawl Stone Soup version 0.22.1-2-g9c5b331383 (webtiles) character file.

59 raflemakt the Skirmisher (level 4, -2/49 HPs)
             Began as an Ogre Berserker on Dec 7, 2018.
             Was a Believer of Trog.
             Slain by a gnoll
             ... wielding a +0 spear
              (10 damage)
             ... on level 2 of the Dungeon.
             The game lasted 00:06:19 (1120 turns).

raflemakt the Skirmisher (Ogre Berserker)           Turns: 1120, Time: 00:06:19

Health: -2/49      AC:  5    Str: 22    XL:     4   Next: 3%
Magic:  4/4        EV:  5    Int:  8    God:    Trog [**....]
Gold:   90         SH: 11    Dex:  8    Spells: 3/3 levels left

rFire    . . .     SeeInvis .   k - +2 dagger (venom)
rCold    . . .     Gourm    .   l - +0 large shield
rNeg     . . .     Faith    .   b - +0 animal skin
rPois    .         Spirit   .   i - +2 hat
rElec    .         Reflect  .   (no cloak)
rCorr    .         Harm     .   (gloves unavailable)
MR       .....                  (boots unavailable)
Stlth    +.........             (no amulet)
HPRegen  0.16/turn              (no ring)
MPRegen  0.09/turn              (no ring)

@: no status effects
A: large, unfitting armour, tough skin 1
a: Berserk, Trog's Hand, Renounce Religion


You were on level 2 of the Dungeon.
You worshipped Trog.
Trog was pleased with you.
You were hungry.

You visited 1 branch of the dungeon, and saw 2 of its levels.

You collected 90 gold pieces.

Inventory:

Hand Weapons
 a - a +0 mace
 k - a +2 dagger of venom (weapon)
Missiles
 g - 12 stones (quivered)
Armour
 b - a +0 animal skin (worn)
 i - a +2 hat (worn)
 j - a +0 buckler
 l - a +0 large shield (worn)
Jewellery
 o - an uncursed amulet of faith {unknown}
Scrolls
 e - 3 scrolls of identify {unknown}
 h - 2 scrolls of remove curse {unknown}
 n - a scroll of random uselessness {unknown}
Potions
 d - a potion of brilliance {unknown}
 f - a potion of magic {unknown}
 m - a potion of curing {unknown}
Comestibles
 c - a ration


   Skills:
 + Level 4.7 Fighting
 + Level 0.1 Short Blades
 + Level 3.2 Maces & Flails
 + Level 0.1 Throwing
 + Level 3.4 Dodging


You had 3 spell levels left.
You didn't know any spells.
Your spell library was empty.

Dungeon Overview and Level Annotations

Branches:
Dungeon (2/15)

Altars:


Innate Abilities, Weirdness & Mutations

You are too large for most types of armour.
You have tough skin. (AC +1)


Message History

Press: ? - help, Shift-Dir - straight line, f/p - gnoll
Aim: a gnoll, wielding a spear (lightly wounded)
You throw a stone. The stone barely misses the gnoll. x2
The gnoll hits you from afar with a spear!
Throwing (i - inventory)
g - 12 stones (quivered)
Press: ? - help, Shift-Dir - straight line, f/p - gnoll
Aim: a gnoll, wielding a spear (lightly wounded)
Okay, then.
A worm comes into view.
You block the gnoll's attack. x2
You hit the gnoll.
The gnoll is poisoned.
The gnoll is lightly wounded.
The gnoll hits you from afar with a spear!
The gnoll hits you with a spear!
* * * LOW HITPOINT WARNING * * *
The gnoll hits you but does no damage. You block the gnoll's attack.
You hit the gnoll.
The gnoll is heavily wounded.
The gnoll hits you with a spear!
You die...

+........###########
#.....#..#
########.# #.....#
##.#### . #.# ...
#.# .....####.#
.(w..gg@..#
###########


You could see a worm and 2 gnolls.

Vanquished Creatures
  2 adders (D:2)
  2 oozes (D:1)
  2 dart slugs (D:2)
  A giant cockroach (D:1)
  5 goblins
  2 hobgoblins
  2 kobolds (D:1)
  5 bats
  A frilled lizard (D:1)
  8 rats
30 creatures vanquished.

Notes
Turn   | Place    | Note
-------+----------+-------------------------------------------
     0 | D:1      | raflemakt the Ogre Berserker began the quest for the Orb.
     0 | D:1      | Reached XP level 1. HP: 24/24 MP: 1/1
   184 | D:1      | Reached XP level 2. HP: 26/32 MP: 2/2
   569 | D:1      | Reached ** piety under Trog
   569 | D:1      | Reached XP level 3. HP: 40/40 MP: 3/3
  1053 | D:2      | Reached XP level 4. HP: 31/49 MP: 4/4
  1120 | D:2      | Slain by a gnoll

Skill      XL: |  1  2 |
---------------+-------+-----
Maces & Flails | 3 |  3.2
Dodging        | 3 |  3.4
Fighting       | |  4.7
Short Blades   | |  0.1
Throwing       | |  0.1

Action                   |  1- 3 |  4- 6 || total
-------------------------+-------+-------++-------
Melee: Mace              |    50 |       ||    50
       Dagger            |    26 |     2 ||    28
Throw: Stone             |    25 |     8 ||    33
Armor: Animal skin       |    45 |     2 ||    47
Dodge: Dodged            |    43 |       ||    43
Block: Large shield      |    10 |     4 ||    14
